 Dungeon Crawl Stone Soup version 0.31.0-32-g396128a36d (webtiles) character file.

Game seed: 15086151290725137441

28693 Amplified the Pandemonic (level 13, -2/114 HPs)
             Began as a Demonspawn Wanderer on Mar 12, 2024.
             Was a High Priest of Makhleb.
             Slain by a cane toad (10 damage)
             ... on level 1 of the Lair of Beasts on Mar 15, 2024.
             The game lasted 00:33:02 (15964 turns).

Amplified the Pandemonic (Demonspawn Wanderer)     Turns: 15964, Time: 00:33:02

Health: -2/114     AC: 18    Str: 22    XL:     13   Next: 11%
Magic:  24/24      EV: 10    Int: 17    God:    Makhleb [*****.]
Gold:   1162       SH:  4    Dex: 10    Spells: 12/16 levels left

rFire   . . .        q - +1 morningstar (protect)
rCold   . . .        (no shield)
rNeg    . . .        o - +1 scale mail
rPois   .            (helmet restricted)
rElec   .            (no cloak)
rCorr   .            i - +0 pair of gloves
SInv    +            b - +0 pair of boots
Will    .....        v - amulet of faith
Stlth   +            c - ring of see invisible
HPRegen 0.39/turn    d - +6 ring of strength
MPRegen 0.19/turn

%: faith
@: brilliant, lethally poisoned (-2 -> -26), under a protective aura, hasted,
very quick
A: horns 2, powered by death 2, sturdy frame 2, condensation shield, bedeviling,
robust 1, noise suppression
a: Renounce Religion, Minor Destruction, Lesser Servant of Makhleb, Major
Destruction, Greater Servant of Makhleb


You were on level 1 of the Lair of Beasts.
You worshipped Makhleb.
Makhleb was extremely pleased with you.
You visited 3 branches of the dungeon, and saw 18 of its levels.

You collected 1162 gold pieces.

Inventory:

Hand Weapons
 q - a +1 morningstar of protection (weapon)
Missiles
 a - 4 silver javelins (quivered)
 g - 4 javelins
 k - 49 poisoned darts
Armour
 b - a +0 pair of boots (worn)
 i - a +0 pair of gloves (worn)
 j - a +0 plate armour
 o - a +1 scale mail (worn)
 C - +0 acid dragon scales
Magical Staves
 f - a staff of cold
Jewellery
 c - a ring of see invisible (left hand)
 d - a +6 ring of strength (right hand)
 v - an amulet of faith (around neck)
 A - a +6 ring of dexterity
 B - a ring of positive energy
 F - a +6 ring of intelligence
Wands
 m - a wand of digging (9)
 r - a wand of roots (5)
 u - a wand of flame (26)
Scrolls
 e - 2 scrolls of immolation
 h - 4 scrolls of teleportation
 l - a scroll of torment
 p - 2 scrolls of fog
 s - a scroll of poison
 w - 5 scrolls of identify
 y - a scroll of vulnerability
 E - 2 scrolls of amnesia
Potions
 t - a potion of mutation
 z - 2 potions of magic
 D - a potion of enlightenment


   Skills:
 + Level 10.5 Fighting
 * Level 13.6 Maces & Flails
 - Level 2.2 Throwing
 - Level 6.0 Armour
 - Level 2.0 Spellcasting
 - Level 1.0 Summonings
 - Level 4.3 Necromancy
 - Level 14.7 Invocations
 - Level 1.0 Evocations


You had 12 spell levels left.
You knew the following spells:

 Your Spells              Type           Power      Damage    Failure   Level
a - Anguish               Hex/Necr       10%        N/A       71%         4

Your spell library contained the following spells:

 Spells                   Type           Power      Damage    Failure   Level
 Necrotise                Necr           96%        1d8       4%          1
 Kiss of Death            Conj/Necr      52%        2d9       11%         1
 Vampiric Draining        Necr           24%        2d7       13%         3
 Summon Small Mammal      Summ           28%        N/A       17%         1
 Cigotuvi's Dreadful Rot  Necr/Alch/Air  18%        N/A       22%         2
 Sandblast                Erth           4%         2d4       26%         1
 Slow                     Hex            12%        N/A       26%         1
 Blink                    Tloc           4%         N/A       36%         2
 Ensorcelled Hibernation  Hex/Ice        6%         N/A       36%         2
 Lesser Beckoning         Tloc           4%         N/A       36%         2
 Momentum Strike          Conj/Tloc      4%         3d8       36%         2
 Dispel Undead            Necr           24%        3d12      41%         4
 Call Canine Familiar     Summ           7%         N/A       45%         3
 Confusing Touch          Hex            3%         N/A       61%         3
 Passwall                 Erth           2%         N/A       61%         3
 Sigil of Binding         Hex            3%         N/A       61%         3
 Stone Arrow              Conj/Erth      4%         3d7       61%         3
 Swiftness                Air            2%         N/A       61%         3
 Brom's Barrelling Bould  Conj/Erth      2%         2d3       95%         4
 Dimensional Bullseye     Hex/Tloc       1%         N/A       95%         4
 Ignite Poison            Fire/Alch      2%         N/A       95%         4
 Freezing Cloud           Conj/Ice/Air   1%         6-21      100%        5


Dungeon Overview and Level Annotations

Branches:
Dungeon (12/15)            Temple (1/1) D:5            Lair (5/5) D:11
  Slime (0/5) Lair:4          Orc (0/2) D:9
  Swamp: Lair:2-3    Shoals: Lair:2-3     Snake: Lair:2-3    Spider: Lair:2-3

Altars:
Ashenzari
Cheibriados
Dithmenos
Fedhas
Gozag
Hepliaklqana
Kikubaaqudgha
Makhleb
Nemelex Xobeh
Okawaru
Qazlal
Ru
Sif Muna
Trog
Uskayaw
Vehumet
Wu Jian
Xom
Yredelemnul
Jiyva

Shops:
D:5 :   D:8 :

Annotations:
D:5 3 runed translucent doors, zdzicho121's ghost, novice GrEE
D:8 3 runed translucent doors, ChadusMaximus's ghost, novice BaSu
D:12 Snorg
Lair:4 Danger low. No gem


Innate Abilities, Weirdness & Mutations

You have a pair of horns on your head.
You regenerate health from kills.
Your movements are less encumbered by armour. (ER -4)
A meltable shield of frost defends you. (SH +4)
Your hexes are more powerful.
You are robust. (+10% HP)
You passively dampen the noise of your surroundings.


Message History

You feel very sick. The cane toad misses you.
Aiming: Dig
Press: ? - help, Shift-Dir - straight line, f - you, p - cane toad Please select a direction to dig.
Okay, then.
Unknown command.
Okay, then.
Okay, then.
It was a potion of haste.
You feel yourself speed up.
You feel very sick.
The cane toad stings you but does no damage.
You feel sick.
The cane toad attacks as it pursues you!
The cane toad stings you!
* * * LOW HITPOINT WARNING * * *
You are lethally poisoned!
The cane toad poisons you!
Unknown command.
Okay, then.
Okay, then.
It was a potion of brilliance.
You feel clever all of a sudden.
* * * LOW HITPOINT WARNING * * *
You feel very sick.
Unknown command.
Okay, then.
Okay, then.
Okay, then.
Okay, then.
Unknown command.
Okay, then.
You impale the cane toad!!
Your weapon exudes an aura of protection.
Your headbutt misses the cane toad.
The cane toad is heavily wounded.
* * * LOW HITPOINT WARNING * * *
You feel very sick. The cane toad stings you!
You die...

##..÷#.......#.................#.
.#...#.......#........#.###.###..
.#...####.P##....................
##.........§................[....
....#######P.###..........####...
....# #### #).....)...# ....
....# #.#†##.#...# #.... ....#
#.F#####...####... ....# #@##
#.....# #... ....# ### #.#
#..Y.## #... ....#####.######.##
##Y.Y# ..................# #...#
....#..####......##.# ...YY.
...P#### ##......... .......
...## ### #.................Y.
...#####.###..............)....
........................Y......


You could see a cane toad.

Vanquished Creatures
  A two-headed ogre (D:6)
  2 manticores (D:11)
  A faun (Lair:3)
  4 elephants (Lair:5)
  3 black mambas
  4 cane toads
  2 rime drakes
  2 komodo dragons
  A troll (D:11)
  3 hornets
  Prince Ribbit (D:5)
  11 blink frogs
  A shadow (D:11)
  2 centaur simulacra (D:10)
  A wraith (D:11)
  6 wyverns
  29 yaks
  An unseen horror simulacrum (D:10)
  A basilisk (D:11)
  2 acid dragons
  12 water moccasins
  3 black bears
  A sky beast (D:7)
  4 orc warriors
  3 ice beasts
  2 ogres
  4 wolves
  10 centaurs
  A phantom (D:6)
  5 kobold brigands
  2 gnoll sergeants
  11 bullfrogs
  3 scorpions
  5 wights (D:8)
  14 killer bees
  An electric eel (D:10)
  6 howler monkeys
  A bombardier beetle (D:7)
  4 orc priests
  6 hounds
  6 jellies
  2 gnoll boudas
  4 iguanas
  Ijyb (D:4)
  12 orc wizards
  Robin (D:4)
  5 adders
  19 gnolls
  2 shadow imps
  4 white imps
  A howler monkey simulacrum (D:10)
  2 ufetubi (D:6)
  2 dart slugs
  2 ribbon worms
  27 orcs
  11 bats
  17 endoplasms
  A giant cockroach (D:2)
  9 goblins
  5 hobgoblins
  6 jackals (D:1)
  5 quokkas
  4 ball pythons
  4 frilled lizards
  32 kobolds
  7 rats
367 creatures vanquished.

Vanquished Creatures (collateral kills)
  A boulder beetle (Lair:4)
  2 two-headed ogres (D:11)
  A deep elf pyromancer (D:12)
  A cane toad (Lair:2)
  A troll (D:11)
  A polar bear (Lair:4)
  7 blink frogs
  A vampire (D:11)
  5 yaks
  An orc warrior (D:9)
  A swamp drake (D:9)
  4 wolves (Lair:2)
  A centaur (D:11)
  A gnoll sergeant (D:4)
  An orc priest (D:6)
  A hound (D:6)
  A gnoll bouda (D:7)
  2 orc wizards
  3 gnolls (D:4)
  A white imp (D:6)
  5 orcs
  2 hobgoblins (D:4)
  2 kobolds (D:5)
46 creatures vanquished.

Vanquished Creatures (others)
  A blink frog (Lair:1)
  2 yaks
  An ice beast (D:10)
  An orc warrior (D:8)
  A kobold brigand (D:5)
  A gnoll (D:4)
  An orc (D:9)
8 creatures vanquished.

Grand Total: 421 creatures vanquished

Notes
Turn   | Place    | Note
-------+----------+-------------------------------------------
     0 | D:1      | Amplified the Demonspawn Wanderer began the quest for the
                  | Orb.
     0 | D:1      | Amplified set off with the following items: a +0 club, a
                  | potion of heal wounds, a +0 ring mail; and the following
                  | spells available to memorise: Necrotise, Vampiric Draining,
                  | Summon Small Mammal, Call Canine Familiar, Anguish.
     0 | D:1      | Reached XP level 1. HP: 13/13 MP: 3/3
   143 | D:1      | Gained mutation: Your movements are slightly less
                  | encumbered by armour. (ER -2) [demonic ancestry]
   143 | D:1      | Reached XP level 2. HP: 18/20 MP: 5/5
   336 | D:1      | Reached skill level 1 in Maces & Flails
   530 | D:1      | Reached skill level 1 in Throwing
   714 | D:1      | Gained mutation: Your movements are less encumbered by
                  | armour. (ER -4) [demonic ancestry]
   714 | D:1      | Reached XP level 3. HP: 22/25 MP: 6/6
  1218 | D:2      | Reached skill level 1 in Fighting
  2003 | D:3      | Reached XP level 4. HP: 14/32 MP: 7/7
  2219 | D:3      | You fall into a shaft and drop 2 floors!
  2219 | D:5      | Entered Level 5 of the Dungeon
  2397 | D:5      | Noticed a kobold brigand
  2515 | D:5      | Found a staircase to the Ecumenical Temple.
  2524 | Temple   | Entered the Ecumenical Temple
  2539 | Temple   | Became a worshipper of Makhleb the Destroyer
  2875 | D:4      | Gained mutation: You regenerate a little health from kills.
                  | [demonic ancestry]
  2875 | D:4      | Reached XP level 5. HP: 32/37 MP: 8/8
  2895 | D:4      | Reached skill level 1 in Invocations
  3094 | D:4      | Reached skill level 2 in Invocations
  3110 | D:4      | Reached XP level 6. HP: 34/44 MP: 9/9
  3166 | D:4      | Noticed Robin
  3166 | D:4      | Noticed Ijyb
  3189 | D:4      | Killed Robin
  3197 | D:4      | Killed Ijyb
  3668 | D:4      | Found an opulent altar of Gozag.
  3714 | D:4      | Reached skill level 3 in Invocations
  3722 | D:4      | Reached * piety under Makhleb
  4094 | D:5      | Noticed Prince Ribbit
  4095 | D:5      | Reached skill level 4 in Invocations
  4095 | D:5      | Gained mutation: You have a pair of small horns on your
                  | head. [demonic ancestry]
  4095 | D:5      | Reached XP level 7. HP: 32/51 MP: 10/10
  4140 | D:5      | Killed Prince Ribbit
  4247 | D:5      | Noticed zdzicho121's ghost (novice GrEE)
  4253 | D:5      | Found a runed translucent gate.
  4253 | D:5      | Found a runed translucent gate.
  4253 | D:5      | Found a runed translucent gate.
  4451 | D:5      | Noticed a wyvern
  4455 | D:5      | Killed a wyvern
  4456 | D:5      | Reached skill level 5 in Invocations
  4527 | D:5      | Gained mutation: You regenerate health from kills. [demonic
                  | ancestry]
  4527 | D:5      | Reached XP level 8. HP: 58/58 MP: 12/12
  4599 | D:5      | Reached skill level 6 in Invocations
  4601 | D:5      | Noticed a walking divine tome
  4605 | D:5      | Found Sijihampu's Book Shoppe.
  4607 | D:5      | Noticed a walking frostbound tome
  5019 | D:6      | Reached skill level 5 in Maces & Flails
  5156 | D:6      | Reached skill level 7 in Invocations
  5259 | D:6      | Reached ** piety under Makhleb
  5476 | D:6      | Reached skill level 8 in Invocations
  5491 | D:6      | Reached XP level 9. HP: 62/66 MP: 15/15
  5945 | D:6      | Noticed a two-headed ogre
  5954 | D:6      | Killed a two-headed ogre
  5955 | D:6      | Reached skill level 5 in Fighting
  5955 | D:6      | Reached skill level 5 in Armour
  5955 | D:6      | Reached skill level 9 in Invocations
  6338 | D:7      | Reached *** piety under Makhleb
  6783 | D:7      | Reached skill level 10 in Invocations
  6970 | D:7      | Found a radiant altar of Vehumet.
  6974 | D:7      | Found a basalt altar of Yredelemnul.
  6975 | D:7      | Found an ancient bone altar of Kikubaaqudgha.
  7021 | D:7      | Found a snail-covered altar of Cheibriados.
  7206 | D:7      | Noticed a moth of wrath
  7209 | D:7      | Found a bloodstained altar of Trog.
  7347 | D:7      | Reached XP level 10. HP: 43/74 MP: 17/17
  7733 | D:8      | Noticed ChadusMaximus's ghost (novice BaSu)
  7738 | D:8      | Noticed a death knight
  7747 | D:8      | Found a runed translucent gate.
  7747 | D:8      | Found a runed translucent gate.
  7828 | D:8      | Found Foisooh's Book Emporium.
  8228 | D:8      | Reached **** piety under Makhleb
  8271 | D:8      | Paralysed by a hornet for 2 turns
  8276 | D:8      | Paralysed by a hornet for 1 turns
  8279 | D:8      | Reached skill level 11 in Invocations
  8297 | D:8      | Noticed a deep elf pyromancer
  8297 | D:8      | Noticed a centaur warrior
  8336 | D:8      | Found a runed translucent gate.
  8680 | D:9      | Found a sacrificial altar of Ru.
  8680 | D:9      | Found a hazy altar of Hepliaklqana.
  8915 | D:9      | Gained mutation: You are clumsy. (Dex -2) [potion of
                  | mutation]
  8915 | D:9      | Lost mutation: You are clumsy. (Dex -2) [potion of
                  | mutation]
  8915 | D:9      | Gained mutation: You are robust. (+10% HP) [potion of
                  | mutation]
  8915 | D:9      | Gained mutation: You passively dampen the noise of your
                  | surroundings. [potion of mutation]
  9083 | D:9      | Found a staircase to the Orcish Mines.
  9598 | D:9      | Reached skill level 12 in Invocations
  9951 | D:10     | Entered Level 10 of the Dungeon
 10220 | D:10     | Reached ***** piety under Makhleb
 10224 | D:10     | Gained mutation: You have a pair of horns on your head.
                  | [demonic ancestry]
 10224 | D:10     | Reached XP level 11. HP: 55/91 MP: 20/20
 10410 | D:10     | Paralysed by a hornet for 2 turns
 10966 | D:11     | Reached skill level 13 in Invocations
 11080 | D:11     | HP: 2/92 [vampire/vampiric draining (8)]
 11415 | D:11     | Noticed a two-headed ogre
 11419 | D:12     | Noticed a deep elf pyromancer
 11426 | D:12     | Killed a deep elf pyromancer
 11443 | D:12     | Noticed a boulder beetle
 11458 | D:12     | Noticed a two-headed ogre
 11475 | D:11     | Killed a two-headed ogre
 11496 | D:11     | Reached skill level 10 in Maces & Flails
 11626 | D:11     | Found a staircase to the Lair.
 11881 | D:11     | Reached skill level 14 in Invocations
 12272 | D:11     | Noticed a two-headed ogre
 12284 | D:11     | Killed a two-headed ogre
 12686 | D:12     | Noticed Snorg
 12744 | Lair:1   | Entered Level 1 of the Lair of Beasts
 12906 | Lair:4   | Noticed a boulder beetle
 12916 | Lair:4   | Killed a boulder beetle
 12944 | Lair:5   | Entered Level 5 of the Lair of Beasts
 12944 | Lair:5   | Noticed a harpy
 13030 | Lair:4   | Gained mutation: Your hexes are more powerful. [demonic
                  | ancestry]
 13030 | Lair:4   | Reached XP level 12. HP: 101/101 MP: 23/23
 13097 | Lair:4   | Learned a level 4 spell: Anguish
 13159 | Lair:4   | Found a viscous altar of Jiyva.
 13159 | Lair:4   | Found a staircase to the Slime Pits.
 13652 | Lair:5   | Paralysed by a hornet for 1 turns
 13687 | Lair:5   | Noticed a seven-headed hydra
 13929 | Lair:4   | Noticed an azure jelly
 15034 | Lair:2   | Reached skill level 10 in Fighting
 15169 | Lair:1   | HP: 5/106 [poisoned by a cane toad]
 15786 | Lair:1   | Gained mutation: A meltable shield of frost defends you.
                  | (SH +4) [demonic ancestry]
 15786 | Lair:1   | Reached XP level 13. HP: 105/113 MP: 24/24
 15867 | Lair:1   | Identified the +7 falchion of Konot {elec, rN+ Str-3 SInv}
 15964 | Lair:1   | Slain by a cane toad

Illustrated notes

Levels and vault maps discovered:
D:1:      dpeg_arrival_orchard, layout_loops_ring, ebering_dispersal_statue_hall
D:2:      layout_basic
D:3:      layout_rooms, chequers_serial_rivers_micro_e
D:4:      layout_basic, grunt_gozag_breadcrumbs, nicolae_goblin_pals
D:5:      layout_loops_ring, temple_green, serial_shops,
          nicolae_shop_mannequins, gammafunk_ghost_split, serial_bayou_ford_a,
          minmay_misc_feat_enclosed, roderic_serpentine_path,
          kennysheep_generic_room_4, uniq_prince_ribbit1
D:6:      minmay_clustersquares, layout_loops_ring, serial_glass,
          glass_columns_b, glass_columns_a, glass_columns_b, glass_columns_a,
          glass_columns_c, glass_columns_a, grunt_ministairs_5,
          dreamdust_gnoll_farm
D:7:      layout_basic, tgw_trog, minitemple
D:8:      minmay_chambers_of_sevens, layout_rooms, serial_shops,
          nicolae_shop_behind_doors, gammafunk_ghost_split,
          guppyfry_early_elven_hall
D:9:      layout_irregular_city, jmf_multi_god_temple, erik_orc_1
D:10:     layout_roguey, serial_ice, serial_ice_h, serial_ice_a, serial_ice_k,
          serial_ice_n, serial_ice_m
D:11:     nicolae_cairo_tiling_large, layout_stronghold, lair_entry_dummy
D:12:     minmay_the_grid_triangle_9x9_recursive_3
          [minmay_the_grid_triangle_9x9_warning,
          minmay_the_grid_triangle_9x9_minimal,
          minmay_the_grid_triangle_9x9_skeleton,
          minmay_the_grid_triangle_9x9_prize_schism,
          minmay_the_grid_triangle_9x9_thin_v,
          minmay_the_grid_triangle_9x9_alien,
          minmay_the_grid_triangle_9x9_steps,
          minmay_the_grid_triangle_9x9_windchime,
          minmay_the_grid_triangle_9x9_limited_checkers], layout_rooms,
          uniq_snorg
Temple:   compressed_dpeg_circular_temple
Lair:1:   layout_chaotic_city
Lair:2:   layout_layer_cave, nicolae_spider_entry_orb_guardian,
          serial_bayou_shore_b
Lair:3:   layout_loops_ring, elwin_shoals_entry_rocks, st_stairs_10,
          grunt_forest_large_clearings
Lair:4:   layout_regular_city, nicolae_slime_entry_slimehenge, st_stairs_7,
          serial_bayou_pond_a, chequers_serial_rivers_micro_b,
          nicolae_lair_time_for_slime
Lair:5:   gammafunk_lair_ancient_temple, layout_loops_ring, grunt_megastairs_1,
          serial_bayou_shore_b, serial_bayou_shore_a

Skill      XL: |  1  2  3  4  5  6  7  8  9 10 11 12 |
---------------+-------------------------------------+-----
Armour         | 2 3 4 5 6 |  6.0
Maces & Flails | 1 2 3 4 6 7 9 10 13 | 13.6
Throwing       | 1 2 |  2.2
Fighting       | 1 2 3 4 5 6 8 10 | 10.5
Invocations    | 2 4 5 8 10 12 14 | 14.7
Spellcasting   | |  2.0
Summonings     | |  1.0
Necromancy     | |  4.3
Evocations     | |  1.0

Action                     |  1- 3 |  4- 6 |  7- 9 | 10-12 | 13-15 || total
---------------------------+-------+-------+-------+-------+-------++-------
  Melee: Club              |    27 |       |       |       |       ||    27
         Whip              |   144 |       |       |       |       ||   144
         Punch             |     2 |     1 |       |    14 |     1 ||    18
         Morningstar       |    72 |   142 |   335 |   880 |    86 ||  1515
         Headbutt          |       |       |    66 |   171 |    14 ||   251
  Throw: Javelin           |     4 |     1 |     6 |     6 |       ||    17
         Dart              |       |       |       |     1 |       ||     1
 Invoke: Lesser Servant of |       |       |       |     8 |       ||     8
         Minor Destruction |       |       |       |     3 |       ||     3
         Major Destruction |       |       |       |     4 |       ||     4
         Greater Servant o |       |       |       |     2 |       ||     2
  Evoke: Wand              |       |     7 |     9 |    14 |     1 ||    31
    Use: Scroll            |    12 |     3 |     2 |    16 |       ||    33
         Potion            |       |     3 |     2 |    13 |     2 ||    20
   Stab: Betrayed ally     |       |     1 |       |       |       ||     1
         Invisible         |       |       |     1 |       |       ||     1
         Sleeping          |       |       |       |     1 |       ||     1
         Distracted        |       |       |       |     2 |       ||     2
 Armour: Ring mail         |   121 |       |       |       |       ||   121
         Scale mail        |    54 |   145 |   337 |  1057 |    58 ||  1651
         Plate armour      |     3 |       |       |       |       ||     3
  Dodge: Dodged            |   161 |   120 |   221 |   522 |    24 ||  1048
  Block: Other             |       |       |       |       |     8 ||     8
